 Dungeon Sprint DCSS version 0.30.0-20-g3b4254fcbd (webtiles) character file.

Game seed: 15406624508400223423

1400000 Revguard the Warrior (level 14, -27/134 HPs)
             Began as a Demonspawn Berserker on June 2, 2023.
             Was a Priest of Trog.
             Annihilated by a meat berserker
             ... wielding a +9 battleaxe
              (75 damage)
             ... in the Dungeon (Sprint VIII: "Arena of Blood").
             The game lasted 00:01:25 (14 turns).

Revguard the Warrior (Demonspawn Berserker)           Turns: 14, Time: 00:01:26

Health: -27/134    AC:  3    Str: 18    XL:     14   Next: 85%
Magic:  14/14      EV: 26    Int:  9    God:    Trog [***...]
Gold:   0          SH:  0    Dex: 17    Spells: 13/13 levels left

rFire   . . .        i - +∞ Axe of Woe
rCold   . . .        (shield currently unavailable)
rNeg    . . .        b - +0 animal skin
rPois   .            (no helmet)
rElec   .            (cloak unavailable)
rCorr   .            (no gloves)
SInv    .            (no boots)
Will    +....        (no amulet)
Stlth   ++           (no ring)
HPRegen 0.42/turn    (no ring)
MPRegen 0.14/turn

%: no teleportation
@: on berserk cooldown, slowed, very slow
A: repulsion field 2, foul stench 1, demonic magic 2, weakness stinger 3
a: Renounce Religion, Berserk, Trog's Hand


You were in the Dungeon.
You worshipped Trog.
Trog was most pleased with you.
You visited 1 branch

Inventory:

Hand Weapons
 a - a +0 hand axe
 i - the +∞ Axe of Woe (weapon)
   (You found it in the Dungeon)
Armour
 b - a +0 animal skin (worn)
Jewellery
 j - a +30 ring of slaying
Scrolls
 h - a scroll of blinking
Potions
 c - a potion of curing
 d - a potion of heal wounds
 e - a potion of haste
 f - 2 potions of magic
 g - a potion of berserk rage


   Skills:
 + Level 19.8 Fighting
 + Level 18.3 Axes
 + Level 18.2 Armour
 + Level 18.2 Dodging
 + Level 18.1 Unarmed Combat


You had 13 spell levels left.
You didn't know any spells.
Your spell library was empty.

Dungeon Overview and Level Annotations

Branches:
Dungeon (1/1)

Altars:
Makhleb


Innate Abilities, Weirdness & Mutations

You are surrounded by a moderate repulsion field. (EV +3)
You may rarely emit foul miasma when damaged in melee.
Spells you cast may paralyse nearby enemies.
You have a sharp stinger which inflicts weakening toxins.


Message History

You hear a shout! x7
The meat berserker hits you with a +9 battleaxe!!
You hear a shout! x3
Your Fighting skill gained 2 levels and is now at level 18!
Your Axes skill increases to level 16!
Your Armour skill increases to level 16!
Your Dodging skill increases to level 16!
Your Unarmed Combat skill increases to level 16!
You have reached level 14!
You hit the meat berserker.
You butcher the meat berserker messily.
You kill the meat berserker!
Trog accepts your kill.
You hit the bag of meat but do no damage.
You dissect the bag of meat like a pig carcass.
You kill the bag of meat!
Trog accepts your kill.
You hear a shout! x9
The meat berserker hits you with a +9 battleaxe!!!
You hear a shout! x7
A meat berserker comes into view. It is wielding a +9 battleaxe.
You hear a shout! x3
A bag of meat comes into view. It is wielding a +9 war axe.
You hear a shout!
Your Fighting skill increases to level 19!
Your Axes skill gained 2 levels and is now at level 18!
Your Armour skill gained 2 levels and is now at level 18!
Your Dodging skill gained 2 levels and is now at level 18!
Your Unarmed Combat skill gained 2 levels and is now at level 18!
The bag of meat shouts!
You slice the meat berserker!!
You hew the meat berserker savagely.
You kill the meat berserker!
Trog accepts your kill.
You slice the bag of meat!!
You pulverise the bag of meat into a thin bloody mist.
You kill the bag of meat!
Trog accepts your kill.
You hear a shout! x8
The meat berserker hits you with a +9 battleaxe!!!!
Ouch! That really hurt!
You die...

............
...........
...........
..........
#.......#
#.......# ..
.###.......###O..
......###).......
......_)@)......
...#...O.#......
#_o<._#......
#.....# .....
....._....O....
......###........
.###.. ...###...
#.. o..# #. ...#


You could see 2 meat berserkers and 2 bags of meat.

Vanquished Creatures
  5 ogres (D)
  3 orcs (D)
8 creatures vanquished.

Notes
Turn   | Place    | Note
-------+----------+-------------------------------------------
     0 | D        | Found the +∞ Axe of Woe
     0 | D        | Revguard the Demonspawn Berserker began the quest for the
                  | Orb.
     0 | D        | Reached XP level 1. HP: 18/18 MP: 1/1
     1 | D        | Noticed a bag of meat
     2 | D        | Noticed a meat berserker
     5 | D        | Killed a meat berserker
     5 | D        | Noticed a meat berserker
     6 | D        | Reached skill level 14 in Fighting
     6 | D        | Gained mutation: You have a small tail. [demonic ancestry]
     6 | D        | Reached XP level 2. HP: 42/42 MP: 2/2
     6 | D        | Gained mutation: You may rarely emit foul miasma when
                  | damaged in melee. [demonic ancestry]
     6 | D        | Reached XP level 3. HP: 48/48 MP: 3/3
     6 | D        | Reached XP level 4. HP: 55/55 MP: 4/4
     6 | D        | Gained mutation: You have a tail ending in a sharp stinger.
                  | [demonic ancestry]
     6 | D        | Reached XP level 5. HP: 61/61 MP: 5/5
     6 | D        | Reached XP level 6. HP: 68/68 MP: 6/6
     6 | D        | Gained mutation: You are surrounded by a mild repulsion
                  | field. (EV +2) [demonic ancestry]
     6 | D        | Reached XP level 7. HP: 74/74 MP: 7/7
     6 | D        | Gained mutation: You have a sharp stinger which inflicts
                  | weakening toxins. [demonic ancestry]
     6 | D        | Reached XP level 8. HP: 81/81 MP: 8/8
     6 | D        | Gained mutation: Spells you cast may paralyse adjacent
                  | enemies. [demonic ancestry]
     6 | D        | Reached XP level 9. HP: 87/87 MP: 9/9
     6 | D        | Reached XP level 10. HP: 94/94 MP: 10/10
     6 | D        | Reached XP level 11. HP: 100/100 MP: 11/11
     6 | D        | Killed a bag of meat
     6 | D        | Reached ** piety under Trog
     7 | D        | Reached skill level 15 in Fighting
     7 | D        | Gained mutation: You are surrounded by a moderate repulsion
                  | field. (EV +3) [demonic ancestry]
     7 | D        | Reached XP level 12. HP: 109/109 MP: 12/12
     7 | D        | Noticed a bag of meat
     8 | D        | Noticed a bag of meat
     8 | D        | Noticed a meat berserker
    10 | D        | Noticed a meat berserker
    11 | D        | Killed a meat berserker
    11 | D        | Noticed a bag of meat
    12 | D        | Reached skill level 16 in Fighting
    12 | D        | Reached skill level 15 in Axes
    12 | D        | Reached skill level 15 in Armour
    12 | D        | Reached skill level 15 in Dodging
    12 | D        | Reached skill level 15 in Unarmed Combat
    12 | D        | Gained mutation: Spells you cast may paralyse nearby
                  | enemies. [demonic ancestry]
    12 | D        | Reached XP level 13. HP: 119/119 MP: 13/13
    12 | D        | Killed a meat berserker
    12 | D        | Noticed a meat berserker
    12 | D        | Noticed a meat berserker
    13 | D        | Reached skill level 18 in Fighting
    13 | D        | Reached XP level 14. HP: 100/130 MP: 14/14
    13 | D        | Killed a meat berserker
    13 | D        | Reached *** piety under Trog
    13 | D        | Killed a bag of meat
    13 | D        | Noticed a meat berserker
    13 | D        | Noticed a bag of meat
    14 | D        | Reached skill level 19 in Fighting
    14 | D        | Killed a meat berserker
    14 | D        | Killed a bag of meat
    14 | D        | Annihilated by a meat berserker

Illustrated notes

Levels and vault maps discovered:
D:        meatsprint

Skill      XL: |  1  2  3  4  5  6  7  8  9 10 11 12 13 14 |
---------------+-------------------------------------------+-----
Fighting       | 14 15 16 18 19 | 19.8
Axes           | 12 14 15 16 18 | 18.3
Armour         | 12 13 15 16 18 | 18.2
Dodging        | 12 13 15 16 18 | 18.2
Unarmed Combat | 12 13 15 16 18 | 18.1

Action                     |  1- 3 |  4- 6 |  7- 9 | 10-12 | 13-15 || total
---------------------------+-------+-------+-------+-------+-------++-------
  Melee: Executioner's axe |     1 |       |       |     2 |     3 ||     6
 Invoke: Berserk           |     1 |       |       |       |       ||     1
